 Dungeon Crawl Stone Soup version 0.16.0-17-g811c1d7 (webtiles) character file.

609 Chiseanne the Insei (level 7, -5/37 HPs)
             Began as a Vine Stalker Monk on Mar 21, 2015.
             Was an Initiate of Gozag.
             Slain by an orc warrior
             ... wielding a +0 trident
              (7 damage)
             ... on level 4 of the Dungeon.
             The game lasted 00:12:43 (3383 turns).

Chiseanne the Insei (Vine Stalker Monk)             Turns: 3383, Time: 00:12:43

Health: -5/37      AC: 13    Str: 14    XL:     7   Next: 43%
Magic:  0/9        EV: 11    Int: 10    God:    Gozag
Gold:   241        SH:  0    Dex: 18    Spells: 0 memorised, 6 levels left

rFire  . . .     SeeInvis .       - Unarmed
rCold  . . .     Clarity  .     n - +4 scale mail
rNeg   . . .     SustAb   .     (no shield)
rPois  .         Gourm    .     o - +0 helmet
rElec  .         Spirit   +     (no cloak)
rCorr  .         Warding  .     g - +0 pair of gloves
rMut   .         Stasis   .     (no boots)
MR     +....                    (no amulet)
Stlth  ++........               c - ring of stealth
                                f - ring of protection from magic

@: somewhat resistant to hostile enchantments, unstealthy
A: fangs 2, regeneration 2, magic shield, antimagic bite, no device heal 3, rot
immunity
a: Potion Petition, Call Merchant, Bribe Branch, Renounce Religion


You were on level 4 of the Dungeon.
You worshipped Gozag.
Gozag was noncommittal.
You were hungry.

You visited 1 branch of the dungeon, and saw 4 of its levels.
You also visited: Ossuary.

You collected 241 gold pieces.

Inventory:

Missiles
 i - 5 tomahawks (quivered)
 w - 12 poisoned needles
Armour
 g - a +0 pair of gloves (worn)
 n - a +4 scale mail (worn)
 o - a +0 helmet (worn)
Jewellery
 c - a ring of stealth (right hand)
 f - a ring of protection from magic (left hand)
 j - an uncursed ring of invisibility
 v - an uncursed amulet of resist corrosion {unknown}
Magical devices
 q - a wand of lightning (0)
Scrolls
 l - a scroll of amnesia
 p - a scroll of immolation
 r - 2 scrolls of fear
Potions
 d - 2 potions of flight
 e - a potion of resistance
 k - a potion of haste {unknown}
 m - a potion of restore abilities {unknown}
 s - a potion of curing {unknown}
 u - a potion of agility {unknown}
Comestibles
 a - a beef jerky
 b - 7 bread rations
 h - a royal jelly
 t - a meat ration


   Skills:
 * Level 3.7 Fighting
 * Level 4.0 Armour
 * Level 3.6 Dodging
 - Level 2.4 Stealth
 * Level 5.5 Unarmed Combat


You had 6 spell levels left.
You didn't know any spells.

Dungeon Overview and Level Annotations

Branches:
Dungeon (4/15)
 Temple: D:4-7

Altars:
Elyvilon
Gozag
Okawaru
Vehumet


Innate Abilities, Weirdness & Mutations

You have extremely sharp teeth.
You heal very quickly.
When hurt, damage is shared between your health and your magic reserves.
Your bite disrupts and absorbs the magic of your enemies.
Potions and wands cannot restore your health.
You are immune to rotting.


Message History

The orc warrior misses you.
You hit the orc warrior but do no damage.
You bite the orc warrior. You drain its power.
You feel invigorated.
The orc warrior is almost dead.
You closely miss the orc warrior.
You punch the orc warrior, but do no damage.
Your bite misses the orc warrior.
The orc warrior is almost dead.
The orc warrior hits you with a trident!
* * * LOW HITPOINT WARNING * * *
You hit the orc warrior but do no damage.
Your bite misses the orc warrior.
The orc warrior is almost dead.
The orc warrior hits you with a trident.
* * * LOW HITPOINT WARNING * * *
You hit the orc warrior but do no damage.
The orc warrior is almost dead.
The orc warrior hits you with a trident!
You die...
Your body crumbles into a pile of gold.

...........# #....###
#...........# #....'.. ...
#...........# #....#.. ....
#.........$.# #....#..
#.....####......$....# #....#..
#................# ######..
#>...............# #....
+..............o.# #....
#...............@#############.##
#....##'###+##+#$.....#......#.##
#....#.......+...#$...#..........
#....'.......#...'....'....#.....
'....#.....[.#...#....#....#.....
#....##.##..##..###...#....##'###
#.....#.###'##..###...#........##
#.....+......#........#........#.
#.....#......#........#........'.


You could see an orc warrior.

Vanquished Creatures
  The ghost of miro the Skirmisher, an average GrFi (D:4)
  A scorpion (D:4)
  A human zombie (Ossuary)
  2 orc priests (D:3)
  A worker ant (D:4)
  2 orc wizards (D:3)
  3 big kobold zombies (Ossuary)
  2 mummies (Ossuary)
  5 adders
  An adder skeleton (D:4)
  2 adder zombies (Ossuary)
  3 giant geckos
  9 orcs
  11 bats
  4 giant cockroaches
  13 hobgoblins
  8 jackals
  11 kobolds
  A ball python (D:4)
  3 giant newts
  13 goblins
  A goblin zombie (Ossuary)
  9 hobgoblin zombies (Ossuary)
  A jackal zombie (Ossuary)
  11 kobold zombies (Ossuary)
  6 orc zombies (Ossuary)
  9 rats
  3 rat zombies (Ossuary)
137 creatures vanquished.

Notes
Turn   | Place    | Note
--------------------------------------------------------------
     0 | D:1      | Chiseanne, the Vine Stalker Monk, began the quest for the Orb.
     0 | D:1      | Reached XP level 1. HP: 11/11 MP: 1/1
   120 | D:1      | Reached XP level 2. HP: 16/16 MP: 3/3
   396 | D:1      | Reached XP level 3. HP: 20/20 MP: 4/4
   762 | D:2      | Reached XP level 4. HP: 24/24 MP: 5/5
   876 | D:2      | Found a white marble altar of Elyvilon.
  1103 | D:2      | Found an opulent altar of Gozag.
  1461 | D:2      | Found a radiant altar of Vehumet.
  1462 | D:2      | Found an iron altar of Okawaru.
  1617 | D:3      | Reached skill level 1 in Armour
  1919 | D:3      | Reached XP level 5. HP: 28/28 MP: 7/7
  2237 | D:3      | Gained mutation: You heal very quickly. [vine stalker growth]
  2237 | D:3      | Reached XP level 6. HP: 32/32 MP: 8/8
  2421 | D:2      | Became a worshipper of Gozag Ym Sagoz the Greedy
  2631 | D:4      | Found a sand-covered staircase.
  2640 | Ossuary  | Entered an ossuary
  2781 | Ossuary  | Reached skill level 5 in Unarmed Combat
  2832 | Ossuary  | Reached XP level 7. HP: 21/36 MP: 7/9
  3094 | D:4      | Noticed miro's ghost (average GrFi)
  3110 | D:4      | Killed miro's ghost
  3383 | D:4      | Slain by an orc warrior

Action                   |  1- 3 |  4- 6 |  7- 9 || total
-------------------------+-------+-------+-------++-------
Melee: Unarmed           |    68 |   210 |    69 ||   347
Evoke: Wand              |       |     4 |       ||     4
  Use: Scroll            |     6 |     9 |     3 ||    18
 Stab: Sleeping          |     1 |     2 |     1 ||     4
  Eat: Chunk             |       |     5 |       ||     5
       Fruit             |       |     3 |       ||     3
